 Dungeon Crawl Stone Soup version 0.17.2-1-ge4368a0 (webtiles) character file.

81 Goblin1989 the Skirmisher (level 4, -1/37 HPs)
             Began as a Demonspawn Artificer on Mar 14, 2017.
             Killed from afar by Robin (6 damage)
             ... with a wand of frost
             ... on level 1 of the Dungeon.
             The game lasted 00:06:15 (2962 turns).

Goblin1989 the Skirmisher (Demonspawn Artificer)    Turns: 2962, Time: 00:06:16

Health: -1/37      AC:  4    Str: 12    XL:     4   Next: 20%
Magic:  6/6        EV: 12    Int: 13    God:
Gold:   92         SH:  0    Dex: 14    Spells: 0 memorised, 3 levels left

rFire  . . .     SeeInvis .     m - +0 whip
rCold  . . .     Clarity  .     b - +0 leather armour
rNeg   . . .     SustAt   .     (no shield)
rPois  .         Gourm    .     (no helmet)
rElec  .         Spirit   .     r - +0 cloak
rCorr  .         Warding  .     (no gloves)
rMut   .         Stasis   .     (no boots)
MR     .....                    (no amulet)
Stlth  ++........               (no ring)
                                (no ring)

@: not resistant to hostile enchantments, unstealthy
A: demonic guardian 1, nightstalker 1
a: no special abilities


You were on level 1 of the Dungeon.
You were not hungry.

You visited 1 branch of the dungeon, and saw 2 of its levels.

You collected 92 gold pieces.

Inventory:

Hand Weapons
 a - a +0 short sword
 m - a +0 whip (weapon)
Armour
 b - a +0 leather armour (worn)
 r - a +0 cloak (worn)
Wands
 c - a wand of flame (6)
 f - a wand of random effects (15)
 E - a wand of enslavement (14)
Scrolls
 d - 2 scrolls of enchant armour {unknown}
 g - a scroll of teleportation {unknown}
 j - 2 scrolls of fear {unknown}
 k - a scroll of noise {unknown}
 n - a scroll of enchant weapon {unknown}
 q - a scroll of recharging {unknown}
 u - a scroll of amnesia {unknown}
Potions
 i - a potion of agility {unknown}
 l - a potion of curing {unknown}
 o - 2 potions of degeneration {unknown}
 p - a potion of invisibility {unknown}
 s - a potion of cancellation {unknown}
 t - 2 potions of brilliance {unknown}
 v - a potion of beneficial mutation {unknown}
Comestibles
 e - 2 bread rations {@e1}
 h - a meat ration {@e2}
 w - a chunk of flesh


   Skills:
 + Level 4.1 Fighting
 - Level 0.8 Short Blades
 - Level 1.7 Dodging
 - Level 0.8 Stealth
 - Level 3.0 Evocations


You had 3 spell levels left.
You didn't know any spells.

Dungeon Overview and Level Annotations

Branches:
Dungeon (2/15)

Altars:

Annotations:
D:1 Robin


Innate Abilities, Weirdness & Mutations

A weak demonic guardian rushes to your aid.
You are slightly more attuned to the shadows.


Message History

The goblin is severely wounded.
The goblin shouts!
The goblin closely misses you. Robin throws the goblin at you!
You closely miss the goblin.
The goblin is heavily wounded.
The goblin hits you. The goblin hits you with a dagger.
You hit the goblin but do no damage.
The goblin is heavily wounded.
Your ufetubus barely misses the goblin.
Your ufetubus hits the goblin. The goblin hits you.
The goblin barely misses you.
A goblin comes into view.
You are too injured to fight recklessly!
You are too injured to fight recklessly!
You are too injured to fight recklessly!
You are too injured to fight recklessly!
You are too injured to fight recklessly!
You are too injured to fight recklessly!
You are too injured to fight recklessly!
You are too injured to fight recklessly!
You are too injured to fight recklessly!
You are too injured to fight recklessly!
You are too injured to fight recklessly!
You are too injured to fight recklessly!
You are too injured to fight recklessly!
You are too injured to fight recklessly!
You are too injured to fight recklessly!
You take 16 damage, and have 19/37 hp.
MASSIVE DAMAGE!!
You are too injured to fight recklessly!
You are too injured to fight recklessly!
You are too injured to fight recklessly!
You are too injured to fight recklessly!
Unknown command.
Evoke which item? (* to show all) (? for menu, Esc to quit)
Zapping:
E - a wand of enslavement (15)
Press: ? - help, Shift-Dir - straight line, f - goblin
Aim: a goblin, wielding a dagger (moderately wounded, consumed by blood-lust, chance to defeat MR: 84%)
The goblin is charmed.
This wand has 14 charges left.
The goblin shouts!
The goblin misses you.
You swap places.
The giant cockroach waves its antennae.
Your goblin hits the goblin with a dagger.
The goblin dies!
Your goblin hits the giant cockroach with a dagger.
The giant cockroach dies!
Your goblin misses something. The goblin closely misses your goblin.
Your goblin hits the goblin with a dagger.
The goblin closely misses your goblin.
Your goblin barely misses the goblin.
Something barely misses your goblin.
Your goblin misses something.
Unknown command.
There is a stone staircase leading up here.
A goblin is nearby!
The goblin hits your ufetubus.
Your ufetubus hits the goblin.
The goblin dies!
Your ufetubus disappears in a puff of smoke!
You closely miss the goblin. The goblin barely misses you.
You barely miss the goblin. The goblin closely misses you.
You hit the goblin.
You kill the goblin!
You see here a dagger.
You start resting.
Eating one of 2 chunks of flesh.
This raw flesh tastes terrible.
You continue eating. x2
A goblin comes into view. It is wielding a club.
You regained 6 hp, and now have 29/37 hp.
The goblin shouts!
The goblin unwields a club.
The goblin wields a hunting sling.
The goblin shoots a stone.
The stone barely misses you.
Robin says, "A pitiful Demonspawn like you will never find the ORB!"
Robin throws the goblin at you!
The goblin unwields a hunting sling.
The goblin wields a club.
The goblin hits you but does no damage.
The goblin unwields a club.
The goblin wields a hunting sling.
The goblin shoots a stone.
The stone completely misses you.
There is a stone staircase leading up here.
Robin flexes a bicep menacingly.
Robin flexes a bicep menacingly.
You hit the goblin.
You kill the goblin!
Robin zaps a wand.
The puff of frost hits you!
It is a wand of frost.
You take 8 damage, and have 21/37 hp.
MASSIVE DAMAGE!!
Robin roars a battlecry!
You see here a stone.
A hobgoblin comes into view. It is wielding a club.
There is a stone staircase leading up here.
The goblin shouts!
Robin flexes a bicep menacingly.
Robin hits you with a whip!
* * * LOW HITPOINT WARNING * * *
Items here: ( ))) a hunting sling; a club; 8 stones; a dagger You take 8 damage, and have 13/37 hp.
MASSIVE DAMAGE!!
There is a stone staircase leading up here.
Robin zaps a wand.
The puff of frost hits you!
* * * LOW HITPOINT WARNING * * *
You climb upwards.
There is a stone staircase leading down here.
You take 8 damage, and have 5/37 hp.
MASSIVE DAMAGE!!
Robin zaps a wand.
The puff of frost hits you!
You die...

.......█.█.█████.█.██.███..███.██
(......█.█.█.....█.██.█.(..███.██
.......█.█.█....██.██..........█.
.......█.█.█....██..)██.....████.
.......█.█....§§§██.........██ █.
.(((.(.†....█§§§§██..█.......█ ██
█.........█.█§.§§██..█.....█.████
████████..█.█....██..█.....█.....
█.........█.█.g.@██..█.██████....
█.█.....█.█.█.<>.██..█.█ █....
█.█.....█.█.██████████.█ ██...
█.█.......█.█ █......███ █..█
█.█.....███.█ █........██████.█
█.........█.█ █..█████.........
█████████.█.█ █......█.........
█████████.█.██████.███.█.........
█.......█.█.█..........█.████████


You could see Robin.

Vanquished Creatures
  A gnoll (D:1)
  2 adders (D:2)
  2 ball pythons (D:1)
  5 bats
  6 hobgoblins
  7 jackals (D:2)
  8 kobolds
  A quokka (D:2)
  A giant gecko (D:1)
  2 giant newts
  9 goblins
  3 rats
47 creatures vanquished.

Vanquished Creatures (collateral kills)
  A giant cockroach (D:2)
  2 goblins (D:2)
3 creatures vanquished.

Vanquished Creatures (others)
  A goblin (D:2)
1 creature vanquished.

Grand Total: 51 creatures vanquished

Notes
Turn   | Place    | Note
--------------------------------------------------------------
     0 | D:1      | Goblin1989 the Demonspawn Artificer began the quest for the Orb.
     0 | D:1      | Reached XP level 1. HP: 15/15 MP: 3/3
   486 | D:1      | Gained mutation: You are slightly more attuned to the shadows. [demonic ancestry]
   486 | D:1      | Reached XP level 2. HP: 22/22 MP: 4/4
  1628 | D:2      | Reached XP level 3. HP: 20/29 MP: 5/5
  2588 | D:1      | Gained mutation: A weak demonic guardian rushes to your aid. [demonic ancestry]
  2588 | D:1      | Reached XP level 4. HP: 9/37 MP: 6/6
  2830 | D:1      | Reached skill level 4 in Fighting
  2863 | D:2      | Noticed Robin
  2962 | D:1      | Killed from afar by Robin

Action                   |  1- 3 |  4- 6 || total
-------------------------+-------+-------++-------
Melee: Short sword       |    31 |       ||    31
       Whip              |   128 |    26 ||   154
Evoke: Wand              |     8 |     2 ||    10
 Stab: Sleeping          |     4 |     1 ||     5
  Eat: Chunk             |     5 |     2 ||     7

Vault maps used:
D:1:      dpeg_arrival_fog
D:2:      okawaru_altar_gauntlet_db, uniq_robin
